[Event "26th Triest Festival 2024"]
[Site "Triest"]
[Date "2024.09.03"]
[Round "5.2"]
[White "Barp, Alberto"]
[Black "Zhou, Yang-Fan"]
[Result "1-0"]
[Annotator "TA"]
[ECO "E62"]
[WhiteElo "2431"]
[BlackElo "2437"]
[PlyCount "75"]
[EventDate "2024.09.02"]
[EventType "swiss"]
[EventCountry "ITA"]
[SourceTitle "playchess.com"]
[Source "ChessBase"]
[SourceQuality "1"]
[TimeControl "5400+30"]

1. d4 Nf6 2. c4 g6 3. g3 Bg7 4. Bg2 O-O 5. Nc3 d6 6. Nf3 c6 7. O-O Bf5 8. Ng5 e5 9. d5 a5 10. e4 {[%emt 0:00:11] White is slightly better.} Bc8 11. f3 b5 12. cxb5 cxb5 13. Be3 Ba6 14. Rf2 Nbd7 15. Bf1 Qb8 16. Qb3 (16. a4 $16) 16... b4 (16... a4 $11 17. Qb4 Rc8) 17. Bxa6 $16 Rxa6 18. Na4 Rc8 19. Rc2 Bf8 {[%emt 0:00:10] [#]} 20. Rc6 $1 Qb7 21. Rac1 $36 {[%emt 0:31:28][%mdl 2048] Prevents Nc5. White is in control.} Nc5 22. Bxc5 dxc5 (22... Raxc6 $14 23. dxc6 Rxc6) 23. R1xc5 {[%emt 0:00:32] White has more active pieces.} (23. Nxc5 $6 Raxc6 24. dxc6 Qa7 $11) (23. Rxc8 $142 Qxc8 24. d6) 23... Raxc6 24. Rxc6 {[%emt 0:00:13] Nxf7 is the strong threat.} h6 $2 {[%emt 0:00:08][%mdl 8192] [#]} (24... Ne8 $16) 25. Qc4 $2 (25. Nxf7 $1 $18 Kxf7 26. Qc4) 25... Rxc6 26. dxc6 Qa7+ 27. Kg2 Bd6 (27... Ne8 $16) 28. Ne6 $18 {[%emt 0:00:30] Black must now prevent c7.} Ne8 29. Nec5 Nc7 {[%emt 0:00:30] Black is weak on the light squares} 30. Kf1 Kf8 31. Nb7 {[%emt 0:00:30] Excellent horsemanship.} Ke7 (31... Be7 {is tougher.}) 32. Nxd6 Kxd6 33. Qxf7 {[%emt 0:00:30][%csl Gc6][%cal Rf7d7] KQN-KQN} Qa6+ 34. Kg1 Qa7+ (34... Kxc6 $142 35. Qf6+ (35. Qxg6+ Kb5 $18) 35... Kb5 36. Qxe5+ Kc6) 35. Kg2 Kxc6 36. Qxg6+ Kb5 {[%emt 0:00:30] [#]} 37. Qd6 $1 {[%emt 0:00:30] White wants to mate with Qd7+.} Qb7 (37... Na6 38. Qxe5+) 38. b3 {[%emt 0:00:30] Weighted Error Value: White=0.43/Black=0.64.  Loses game:     	---       	Black=1      Missed win:     	White=1     	---        Mistake:       	White=2     	Black=5      Inaccurate:     	White=1     	Black=3      OK:         	White=11    	Black=7      Best:        	White=5     	Black=1} (38. Qxe5+ Kxa4 39. Qd6 Na6 40. Qxh6 Qc7 $16) 1-0

[Event "26th Triest Festival 2024"]
[Site "Triest"]
[Date "2024.09.03"]
[Round "5.3"]
[White "Colonetti, Fabio"]
[Black "Baklan, Vladimir"]
[Result "0-1"]
[Annotator "TA"]
[ECO "A21"]
[WhiteElo "2118"]
[BlackElo "2535"]
[PlyCount "66"]
[EventDate "2024.09.02"]
[EventType "swiss"]
[EventCountry "ITA"]
[SourceTitle "playchess.com"]
[Source "ChessBase"]
[SourceQuality "1"]
[TimeControl "5400+30"]

1. c4 e5 2. g3 g6 3. Bg2 Bg7 4. Nc3 Ne7 5. d3 c6 6. e4 d6 7. Nge2 a6 8. O-O b5 {[%emt 0:02:26] White has an edge.} 9. a3 Be6 10. b3 O-O 11. Be3 Nd7 12. cxb5 axb5 13. d4 {[%emt 0:01:23] Prevents Nc5} Qb8 14. d5 cxd5 15. exd5 Bf5 16. a4 bxa4 17. bxa4 Rc8 18. Qd2 Nc5 19. Bxc5 (19. Ra3 $1 $11) 19... Rxc5 $17 20. Ra2 Nc8 {[%emt 0:12:52] Black is more active.} 21. Rb2 Qa7 22. Rb4 Nb6 ({Black should try} 22... Qa5 $17 23. Qb2 Bd3) 23. Ra1 $2 (23. g4 $1 $11 Bd7 24. Rfb1 Nxa4 25. Nxa4 Bxa4 26. Nc3) 23... Nc4 ({Better is} 23... e4 $1 $19 {[%cal Ob6d5] White must now prevent ...Nxd5!} 24. Bxe4 Bxe4 25. Rxe4 Qa5) 24. Qa2 Rac8 $36 {[%emt 0:01:05][%mdl 2048] Black is on the roll.} 25. Be4 Na5 (25... Bg4 $17 {...f5 would now be deadly.} 26. h3 Bxh3) 26. Bxf5 $11 gxf5 27. Nb5 (27. Rab1 $11 {was preferrable.}) 27... Qd7 $15 28. Rab1 {[%emt 0:00:31] [#]} ({White should play} 28. Rd1 $15) 28... f4 $1 $17 {[%emt 0:00:50] ...f3 is the strong threat.} 29. f3 {[%emt 0:01:47] [#]} (29. gxf4 $2 {perishes.} Rc2 30. Qa3 (30. R1b2 $2 Rxe2 31. Kf1 Rxb2 $19) 30... Rxe2 $19) (29. Qa3 $17 {might work better.}) 29... Nc4 $1 $19 {[%emt 0:05:36] Threatens to win with ...Ne3.} 30. Nec3 Ne3 31. Qd2 $2 {[%emt 0:00:47] [#]} (31. Qf2) 31... e4 $1 32. R1b3 (32. gxf4 exf3) 32... Qh3 33. Qe1 {[%emt 0:00:49] Dodges Qf1+} Qg2# {[%emt 0:00:56] Weighted Error Value: White=0.77/Black=0.14 (very precise) .  Loses game:     	White=1     	---        Mistake:       	White=5     	Black=3      Inaccurate:     	White=5     	Black=1      OK:         	White=6     	Black=10     Best:        	White=2     	Black=1      Strong:       	---       	Black=2      Brilliant:      	---       	Black=1} 0-1

[Event "26th Triest Festival 2024"]
[Site "Triest"]
[Date "2024.09.03"]
[Round "5.4"]
[White "Tiviakov, Sergei"]
[Black "Marn, Jan"]
[Result "0-1"]
[Annotator "TA"]
[ECO "C77"]
[WhiteElo "2531"]
[BlackElo "2344"]
[PlyCount "170"]
[EventDate "2024.09.02"]
[EventType "swiss"]
[EventCountry "ITA"]
[SourceTitle "playchess.com"]
[Source "ChessBase"]
[SourceQuality "1"]
[TimeControl "5400+30"]

1. e4 e5 2. Nf3 Nc6 3. Bb5 a6 4. Ba4 Nf6 5. d3 d6 6. c3 g6 7. O-O Bg7 8. Re1 O-O 9. h3 b5 10. Bc2 Bb7 11. Be3 Qe7 {[%emt 0:02:05] The position is equal.} 12. Nbd2 Nd8 13. d4 Nh5 14. Nb3 f5 $2 (14... exd4 $14 15. Bg5 f6) 15. exf5 $1 $18 e4 (15... gxf5 $2 16. dxe5 Qe8 17. exd6 cxd6 18. Nbd4 $18 (18. Qxd6 Bxf3 19. gxf3 Kh8 $18)) 16. Bg5 Qe8 17. fxg6 ({White should play} 17. Na5 {Strongly threatening Nxb7.} Bd5 18. Bb3) 17... Qxg6 $16 18. d5 {[%emt 0:08:18] Against Ne6} Rxf3 19. Bxd8 Rxd8 (19... Nf4 $2 20. Qxf3 (20. Rxe4 $2 Qxg2#) 20... exf3 21. Bxg6 $18) 20. Rxe4 $2 ({Only move:} 20. Bxe4 $16 Rf5 21. g4) 20... Rf5 $15 (20... Rxh3 $2 21. Re3 Ng3 22. Rxg3 (22. Bxg6 $2 Rh1#) (22. gxh3 Nf5+ $18) 22... Rxg3 23. Bxg6 Rxg6 24. Na5 $18) 21. Rh4 {[%emt 0:13:51] [#]} (21. Rg4 $11 Rxd5 22. Qxd5+ Bxd5 23. Bxg6 hxg6 24. Rxg6) 21... Rxd5 $1 $17 22. Bxg6 Rxd1+ $40 {[%emt 0:00:09][%mdl 128] Black goes for the king.} 23. Rxd1 hxg6 24. Nc5 Bc8 (24... dxc5 $2 25. Rxd8+ Bf8 26. Rg4 $18) 25. Re4 Kf7 {[%emt 0:04:36] Prevents Re7+} 26. Re3 Re8 27. Ne4 (27. Rxe8 $17 Kxe8 28. Nd3) 27... Bh6 $19 28. Ree1 Be6 (28... Bb7 $19 29. Nxd6+ cxd6 30. Rxe8 Kxe8 31. Rxd6 Nf4) 29. Rd3 $2 (29. Rxd6 $1 $15 Bf5 30. f3 Rxe4 (30... cxd6 $2 31. Nxd6+ Kg7 32. Nxf5+ gxf5 33. Rxe8 $18) (30... Bxe4 31. Rd7+ Kf6 32. Rxe4 $11) 31. fxe4 cxd6 32. exf5 gxf5 33. a4 bxa4 34. Ra1) 29... d5 $2 (29... Bf5 $19 {has better winning chances.} 30. f3 Ng3) 30. Rxd5 $2 Bf5 $2 (30... Bxd5 $19 31. f3 Nf6 (31... Bxa2 $2 32. h4 $19) (31... Bxe4 $2 32. fxe4 Ng3 33. Rd1 $19)) 31. Rd4 Nf6 32. f3 Nxe4 33. fxe4 Be6 {[%emt 0:00:06] Prevents Rd5} 34. a3 Ke7 {[%emt 0:00:34][%mdl 1024] Black has strong compensation.} 35. e5 Bg5 36. h4 Bh6 37. Rd3 Rf8 38. Rg3 Bf5 {[%emt 0:00:04] Black is more active.} 39. Rf3 Ke6 40. Ref1 Rg8 (40... Kxe5 $2 {too greedy.} 41. g4 $18) 41. h5 Be4 42. Rh3 (42. Rg3 $17 {might work better.}) 42... Kxe5 43. Re1 Kd5 44. Rh4 Bc2 45. Re7 (45. Re2 {was necessary.} Bf5 46. a4) 45... Kc6 46. Rg4 {[%emt 0:00:00] Against Bg5} Bf5 47. Rg3 Bf8 (47... Bf4 $142 48. Rf3 Bd6 49. hxg6 Bxe7 50. Rxf5 Bc5+ (50... Rxg6 $2 51. Kf2 $19) 51. Kh2 Rxg6) 48. Rf7 {[%emt 0:00:00] Black must now prevent Rxf5.} Bd6 49. Rg5 Bc5+ {[%emt 0:00:39] This pair of bishops is nice.} 50. Kh2 Rh8 51. Rf6+ Kb7 52. g4 Be3 53. Rgxf5 gxf5 54. Rxf5 {[%emt 0:00:04][%mdl 4096] Endgame. KRB-KR} Bc1 55. Rf2 Re8 56. Kg3 Re1 57. Rc2 (57. c4 $17) 57... Bg5 58. c4 Re3+ 59. Kf2 Re4 (59... Rb3 $19 {And now ...Bf6 would win.} 60. cxb5 axb5) 60. cxb5 $17 axb5 (60... Rxg4 61. bxa6+ Kb6 (61... Kxa6 62. Rxc7 Kb6 63. Rf7 $11) 62. b4 $15) 61. Rc5 Rxg4 62. Rxb5+ {[%emt 0:00:08] [#]} (62. Kf3 $142 Rf4+ 63. Kg3) 62... Kc6 $1 63. Rb8 (63. Re5 $17 {keeps fighting.}) 63... Bc1 64. Rb3 Rg5 65. h6 $2 (65. Rh3) 65... Rf5+ $19 66. Ke2 Bxh6 67. Kd1 Rf2 68. Rc3+ Kb7 69. Rb3+ Kc8 70. Rb4 c6 71. Rb3 (71. a4 $142 Rd2+ 72. Ke1) 71... Kc7 72. Ke1 Rh2 73. Kd1 Rd2+ 74. Ke1 Rc2 75. Kd1 Rd2+ 76. Ke1 $1 Rc2 {[%emt 0:00:03] aiming for ...Bg7.} 77. Kd1 Rc1+ 78. Ke2 c5 79. Rh3 (79. Rf3 $142 Rc2+ 80. Kd3 Rxb2 81. Kc4 Rc2+ 82. Kb3) 79... Bg7 80. Rh7 {[%emt 0:00:49] [#]} Rg1 $1 {[%emt 0:00:00] ...Kc6 would now be deadly.} 81. Kd3 Kc6 82. Rh2 Rb1 (82... Kd5 $142 {Threatens to win with ...Rb1.} 83. Kc2 c4) 83. Rh7 Bd4 ({Inferior is} 83... Bxb2 84. Kc2 $11) 84. Rh6+ Kd5 85. Rh5+ Be5 {[%emt 0:00:00] Quite a comeback for Black.   Weighted Error Value: White=0.36/Black=0.34.  Loses game:     	White=2     	Black=1      Missed win:     	---       	Black=2      Mistake:       	White=11    	Black=3      Inaccurate:     	White=4     	Black=1      OK:         	White=17    	Black=16     Best:        	White=4     	Black=7      Strong:       	---       	Black=2} 0-1

[Event "26th Triest Festival 2024"]
[Site "Triest"]
[Date "2024.09.03"]
[Round "5.5"]
[White "Chia, Yu Zhe Ashton"]
[Black "Kovchan, Alexander"]
[Result "1/2-1/2"]
[Annotator "TA"]
[ECO "B81"]
[WhiteElo "2224"]
[BlackElo "2455"]
[PlyCount "81"]
[EventDate "2024.09.02"]
[EventType "swiss"]
[EventCountry "ITA"]
[SourceTitle "playchess.com"]
[Source "ChessBase"]
[SourceQuality "1"]
[TimeControl "5400+30"]

1. e4 c5 2. Nf3 d6 3. d4 cxd4 4. Nxd4 Nf6 5. Nc3 a6 6. h3 e6 7. g4 h6 8. Bg2 Be7 9. h4 Nfd7 ({Better is} 9... Nc6 $11) 10. g5 hxg5 11. hxg5 Rxh1+ 12. Bxh1 {[%emt 0:00:02][%cal Od4e6] Threatens to win with Nxe6!} g6 (12... Bxg5 $2 13. Nxe6 fxe6 14. Qh5+ (14. Qxd6 $2 Qe7 $19) 14... Kf8 15. Bxg5 $18 (15. Qxg5 Qxg5 16. Bxg5 Ne5 $16)) 13. f4 Nc6 14. Be3 e5 15. Nxc6 bxc6 16. Qd2 exf4 17. Bxf4 Ne5 {[%emt 0:00:00] Prevents Bf3} 18. Bxe5 (18. O-O-O $11 {keeps the balance.}) 18... dxe5 $17 19. Qh2 Bg4 {[%emt 0:00:00] [#] aiming for ...Qb6.} ({But not} 19... Bxg5 $6 20. Qh8+ Ke7 21. Qxe5+ Kf8 22. Qh8+ Ke7 23. Qe5+ Kf8 24. Qh8+ Ke7 25. Qe5+ $11) 20. Qxe5 (20. Qh8+ $17 {might work better.} Kd7 21. Qh4) 20... Qb8 $2 (20... Qb6 $19 {is more deadly. ( -> ...Qe3+)} 21. Kf1 (21. Qh8+ $2 Kd7 $19) 21... Rd8 (21... Qxb2 22. Qh8+ Kd7 23. Qd4+ Ke6 24. Re1 $17) 22. Qh8+ Kd7) 21. Qxb8+ Rxb8 22. e5 Rxb2 (22... Bxg5 $2 23. Ne4 Bh4+ 24. Kd2 $19) 23. Bxc6+ Kf8 24. Kd2 Bxg5+ 25. Kd3 Bf4 26. Re1 {[%emt 0:07:14] [#]} Bg3 {[%emt 0:00:00] A strong pair of Bishops.} (26... Rb8 $1 $17 {And now ...Bf5+ would win.} 27. Bd5 Re8) 27. Rg1 $1 $11 {[%emt 0:02:31] The position is equal.} Bf5+ 28. Be4 Bxe5 29. Bxf5 gxf5 30. Rg5 Bxc3 31. Kxc3 Rxa2 32. Rxf5 {[%emt 0:00:04][%mdl 4096] Endgame. KR-KR} Ke7 33. Rc5 Ra4 34. Kd3 Kd6 35. Rh5 f6 36. c4 Ra1 37. Kd4 Rd1+ 38. Ke4 Re1+ 39. Kd4 Re8 40. Rd5+ Kc7 41. Rf5 {[%emt 0:02:02] And White is the lucky defender.   Weighted Error Value: White=0.20 (precise) /Black=0.20 (precise) .  Mistake:       	White=2     	Black=3      Inaccurate:     	White=1     	---        OK:         	White=12    	Black=7      Best:        	White=3     	Black=5      Strong:       	White=1     	---} 1/2-1/2

[Event "26th Triest Festival 2024"]
[Site "Triest"]
[Date "2024.09.03"]
[Round "5.6"]
[White "Lumachi, Gabriele"]
[Black "Fischer, Daniel"]
[Result "1/2-1/2"]
[Annotator "TA"]
[ECO "A12"]
[WhiteElo "2440"]
[BlackElo "2349"]
[PlyCount "104"]
[EventDate "2024.09.02"]
[EventType "swiss"]
[EventCountry "ITA"]
[SourceTitle "playchess.com"]
[Source "ChessBase"]
[SourceQuality "1"]
[TimeControl "5400+30"]

1. Nf3 d5 2. b3 Bf5 3. Bb2 e6 4. g3 Nf6 5. Bg2 Be7 6. O-O h6 7. d3 O-O 8. Nbd2 c6 9. c4 a5 10. a3 Bh7 11. Qc2 Nbd7 12. Bc3 b5 13. cxb5 cxb5 14. b4 Qc7 {[%emt 0:15:59] Threatens to win with ...Rfc8.} 15. Qb2 Nb6 16. Be5 Qb7 17. Rfc1 Rfc8 {[%emt 0:03:50] Dodges Rc7} 18. bxa5 Rxa5 19. Rxc8+ Qxc8 20. Nb3 Na4 21. Qd2 Ra8 22. Bh3 Nb6 23. Nbd4 Nbd7 24. Rb1 (24. Nxb5 $14 {feels stronger.} g5 25. Bxf6 Bxf6 26. Rc1) 24... Bxa3 25. Nxb5 Nxe5 26. Nxe5 Be7 27. Rc1 Qb8 {[%emt 0:01:48] [#]} (27... Qb7 $1 $11 28. Nc6 Bf8) 28. Nc7 $1 $16 {[%emt 0:00:23] White has more active pieces. A dynamic duo of knights.} Ba3 {[%emt 0:00:13] [#]} 29. Nxa8 ({White should try} 29. Rc6 $1 $16 Ra7 30. Nxe6) 29... Bxc1 $14 30. Qxc1 Qxa8 31. Qc7 Qe8 32. Nxf7 Qxf7 {[%emt 0:00:27] The position is equal.} 33. Qc8+ Qe8 $1 34. Qxe8+ (34. Qxe6+ $2 Kf8 35. Qd6+ Qe7 36. Qb8+ Qe8 $19) 34... Nxe8 35. Bxe6+ Kf8 36. Bxd5 Ke7 37. f4 Kd6 38. Bf3 Kc5 39. Kf2 Kd4 40. g4 g5 41. Kg3 Ke3 42. fxg5 hxg5 43. h4 gxh4+ 44. Kxh4 Bxd3 45. exd3 Kxf3 $11 {[%emt 0:00:04][%mdl 4096] Endgame. KN-KPP} 46. Kg5 Ke3 47. Kf5 Kxd3 48. g5 Ke3 49. g6 Kf3 50. Ke6 Kf4 51. Kf7 Kf5 52. Kxe8 Kxg6 {[%emt 0:00:35] Weighted Error Value: White=0.08 (flawless) /Black=0.11 (very precise) .  Mistake:       	White=2     	Black=1      Inaccurate:     	---       	Black=2      OK:         	White=17    	Black=19     Best:        	White=1     	Black=1      Strong:       	White=1     	Black=1} 1/2-1/2

[Event "26th Triest Festival 2024"]
[Site "Triest"]
[Date "2024.09.03"]
[Round "5.7"]
[White "Wong, Zhenyong Jayden"]
[Black "Simonetto, Andrea"]
[Result "1-0"]
[Annotator "TA"]
[ECO "D25"]
[WhiteElo "2397"]
[BlackElo "2323"]
[PlyCount "75"]
[EventDate "2024.09.02"]
[EventType "swiss"]
[EventCountry "ITA"]
[SourceTitle "playchess.com"]
[Source "ChessBase"]
[SourceQuality "1"]
[TimeControl "5400+30"]

1. d4 d5 2. c4 dxc4 3. Nf3 Nf6 4. e3 Bg4 5. Bxc4 e6 6. h3 Bh5 7. Nc3 Nbd7 8. O-O Bb4 9. Be2 c5 {[%emt 0:04:12] [#]} (9... O-O $11) 10. a3 (10. Nb5 $1 $16 {a3 would now be deadly.} cxd4 11. Qxd4) 10... Bxc3 $11 {[%emt 0:04:58] The position is equal.} 11. bxc3 O-O 12. a4 Qc7 13. Nd2 Bxe2 14. Qxe2 e5 15. Ba3 Rfe8 16. Rfc1 Rac8 17. Rab1 Qc6 18. Qd1 Qa6 19. Qb3 cxd4 20. cxd4 {[%emt 0:00:39] Black must now prevent Rxc8.} Rxc1+ 21. Rxc1 {[%emt 0:00:09] And now Nc4 would win.} exd4 22. exd4 Nb6 23. Rc7 Nfd5 $1 24. Rc5 {[%emt 0:00:06] aiming for a5.} Nf4 $1 (24... Qxa4 25. Qxa4 (25. Rxd5 $2 Qxb3 26. Nxb3 Re1+ 27. Kh2 Nxd5 $19) 25... Nxa4 26. Rxd5 $18) 25. a5 Nd7 (25... Ne2+ $11 {remains equal.} 26. Kh2 Nxd4) 26. Rc7 $1 $16 Qg6 {[%emt 0:03:31] [#]} 27. Qf3 $1 $40 {[%emt 0:01:08][%mdl 128] White attacks with force.} (27. Rxd7 $2 Qxg2#) 27... Qf5 (27... Nf6) 28. g4 ({Not} 28. Rxb7 Nf6 29. Be7 (29. Rxa7 h5 $18) 29... N6d5 $18) (28. Qxb7 Ne2+ 29. Kh2 Qf4+ (29... Qxa5 $2 30. Rc8 $18) 30. g3 Qxf2+ (30... Qxd2 $2 31. Rc8 $16) 31. Qg2 Qxd4 $15) 28... Nxh3+ 29. Qxh3 Qxa5 30. Rxd7 {[%emt 0:02:07][%cal Oh3b3] Strongly threatening Qb3!} Qxd2 31. Qf3 f6 32. Kg2 (32. Re7 $142 Qe1+ 33. Rxe1 Rxe1+ 34. Kg2) 32... Kh8 {[%emt 0:00:04] [#]} 33. Qe3 $3 Qxe3 34. fxe3 h5 35. Be7 b5 36. d5 {[%emt 0:00:32] d6 is the strong threat.} Kg8 37. Rxa7 Rb8 38. Bb4 {[%emt 0:00:30] Weighted Error Value: White=0.11 (very precise) /Black=0.52.  Mistake:       	White=1     	Black=4      Inaccurate:     	---       	Black=1      OK:         	White=6     	Black=5      Best:        	White=1     	Black=3      Strong:       	White=1     	Black=2} 1-0

[Event "26th Triest Festival 2024"]
[Site "Triest"]
[Date "2024.09.03"]
[Round "5.8"]
[White "Willems, Niels"]
[Black "Kanyamarala, Tarun"]
[Result "1/2-1/2"]
[Annotator "TA"]
[ECO "A17"]
[WhiteElo "2384"]
[BlackElo "2361"]
[PlyCount "58"]
[EventDate "2024.09.02"]
[EventType "swiss"]
[EventCountry "ITA"]
[SourceTitle "playchess.com"]
[Source "ChessBase"]
[SourceQuality "1"]
[TimeControl "5400+30"]

1. c4 e6 2. Nc3 d5 3. e3 Nf6 4. Nf3 Nbd7 5. b3 b6 6. cxd5 exd5 7. g3 Nc5 (7... Bb4 $11) 8. Qc2 ({White should try} 8. Ne5 $14) 8... Ba6 9. Ba3 {[%emt 0:16:30] Threatens to win with Bxc5.} Nd3+ 10. Bxd3 Bxd3 11. Qxd3 Bxa3 12. b4 {[%emt 0:04:44] [#] Strongly threatening Na4.} O-O $1 13. Rb1 {[%emt 0:02:18] Nb5 is the strong threat.} c5 14. bxc5 bxc5 15. O-O Bb4 16. Rfc1 Qd7 17. Ne2 Rac8 18. Qb3 {[%emt 0:06:14] The position is equal.} Qg4 {[%emt 0:04:43] Against d3} 19. Kg2 Bxd2 20. Rd1 Ba5 21. Nf4 $1 d4 22. h3 Qd7 23. exd4 cxd4 24. Rxd4 Qc6 25. Nd5 Nxd5 26. Qxd5 Bb6 27. Qxc6 Rxc6 28. Rd2 Rfc8 29. Rbb2 f6 {[%emt 0:03:34] Weighted Error Value: White=0.06 (flawless) /Black=0.08 (flawless) .  Mistake:       	White=1     	Black=1      Inaccurate:     	White=1     	Black=1      OK:         	White=9     	Black=9      Best:        	White=2     	Black=1      Strong:       	White=1     	Black=1} 1/2-1/2

[Event "26th Triest Festival 2024"]
[Site "Triest"]
[Date "2024.09.03"]
[Round "5.9"]
[White "Schnaider, Ilan"]
[Black "Gong, Qianyun"]
[Result "0-1"]
[Annotator "RC"]
[ECO "C15"]
[WhiteElo "2409"]
[BlackElo "2250"]
[PlyCount "118"]
[EventDate "2024.09.02"]
[EventType "swiss"]
[EventCountry "ITA"]
[SourceTitle "playchess.com"]
[Source "ChessBase"]
[SourceQuality "1"]
[TimeControl "5400+30"]

1. e4 e6 2. d4 d5 3. Nc3 Bb4 4. Nge2 Ne7 5. a3 Ba5 6. b4 Bb6 7. e5 Bd7 8. a4 a6 9. Nb1 Nf5 10. c3 f6 11. Nf4 O-O 12. exf6 Qxf6 13. Bd3 c6 14. Nh5 Qf7 15. O-O Bc7 16. f4 Be8 17. Ng3 Nd7 18. Nxf5 exf5 19. Nd2 Nf6 20. Bxf5 Nh5 21. Bc2 Bxf4 22. Nf3 Qe7 23. Re1 Qf6 24. Rf1 Bg6 25. Bxf4 Nxf4 26. Bxg6 Qxg6 27. Qd2 Rf5 28. Kh1 Qd6 29. Ne5 Raf8 30. Rf3 Ng6 31. Raf1 Rxf3 32. Nxf3 h6 33. Re1 Qf6 34. Qc2 Nh4 35. Rf1 Qe6 36. Qd3 Qe4 37. Qd1 Nxf3 38. Rxf3 Rxf3 39. gxf3 Qe3 40. Qb3 Qxf3+ 41. Kg1 h5 42. Qc2 Qg4+ 43. Kf2 Kf7 44. b5 axb5 45. axb5 Qf4+ 46. Kg1 h4 47. bxc6 bxc6 48. Qd3 Kf6 49. Qh7 Qg4+ 50. Kh1 h3 51. Qc2 Qf3+ 52. Kg1 g5 53. Qd2 Kf5 54. Qb2 Ke4 55. Qb1+ Qd3 56. Qb2 g4 57. Qa1 Qe3+ 58. Kf1 Qf3+ 59. Ke1 Qh1+ 0-1

[Event "26th Triest Festival 2024"]
[Site "Triest"]
[Date "2024.09.03"]
[Round "5.10"]
[White "Brilej, Jaka"]
[Black "Schlegel, Igor"]
[Result "1-0"]
[Annotator "TA"]
[ECO "D05"]
[WhiteElo "2280"]
[BlackElo "2212"]
[PlyCount "59"]
[EventDate "2024.09.02"]
[EventType "swiss"]
[EventCountry "ITA"]
[SourceTitle "playchess.com"]
[Source "ChessBase"]
[SourceQuality "1"]
[TimeControl "5400+30"]

1. d4 d5 2. Nf3 e6 3. e3 Nf6 4. Bd3 Bd6 5. O-O O-O 6. b3 b6 7. Bb2 Bb7 8. Nbd2 Nbd7 9. Ne5 Ne4 10. f3 Nxd2 11. Qxd2 c5 12. Rad1 {[%emt 0:07:57] The position is equal.} Rc8 13. Qe2 Qc7 14. Nxd7 Qxd7 15. dxc5 Bxc5 16. f4 Qe7 17. Rf3 {[%emt 0:02:49][%cal Od3h7] [#] aiming for Bxh7+!} f6 18. Rh3 g6 19. Qg4 {[%emt 0:04:14][%cal Od3g6] Bxg6! would now be deadly.} f5 20. Qg3 Bb4 21. Bd4 Bc3 22. a4 Rc7 23. Qf2 Bc8 24. Rg3 Kf7 25. Qe2 Ke8 26. Bb5+ Bd7 27. Rd3 Qb4 {[%emt 0:00:24][%mdl 8192] [#]} (27... Bxb5 $11 {and Black has nothing to worry.} 28. axb5 Bxd4 29. exd4 Kf7) 28. Bxc3 $1 $18 {[%emt 0:01:23] White is clearly winning.} Rxc3 29. Qd2 Bxb5 30. Rxc3 {[%emt 0:01:19] Weighted Error Value: White=0.00 (flawless) /Black=0.36.  Loses game:     	---       	Black=1      Inaccurate:     	---       	Black=1      OK:         	White=10    	Black=8      Best:        	White=1     	---        Strong:       	White=1     	---} 1-0

[Event "26th Triest Festival 2024"]
[Site "Triest"]
[Date "2024.09.03"]
[Round "5.11"]
[White "Motola, Jacopo"]
[Black "Valsecchi, Alessio"]
[Result "0-1"]
[Annotator "TA"]
[ECO "D35"]
[WhiteElo "2207"]
[BlackElo "2475"]
[PlyCount "86"]
[EventDate "2024.09.02"]
[EventType "swiss"]
[EventCountry "ITA"]
[SourceTitle "playchess.com"]
[Source "ChessBase"]
[SourceQuality "1"]
[TimeControl "5400+30"]

1. d4 d5 2. c4 e6 3. Nc3 h6 4. Bf4 a6 5. cxd5 exd5 6. e3 Nf6 7. Bd3 c5 8. dxc5 Bxc5 9. Nf3 Nc6 10. O-O O-O 11. Rc1 Ba7 12. h3 Re8 13. Bc2 {[%emt 0:00:00] White is slightly better.} Be6 14. Ne2 Qb6 15. Bb3 Rac8 16. Ned4 Na5 17. Ne5 (17. Bc2 $14) 17... Rxc1 $11 18. Qxc1 Nxb3 19. axb3 Ne4 20. Qd1 Bc8 21. Qh5 (21. Ne2 $11) 21... Qf6 $17 {[%emt 0:00:52] aiming for ...Bxd4.} 22. Nef3 (22. Bh2 $15) 22... g5 $1 23. Rc1 Bxd4 $19 ({Not} 23... gxf4 24. Rxc8 Rxc8 25. Qg4+ Kh7 26. Qxc8 fxe3 27. fxe3 $11) 24. Nxd4 gxf4 (24... Bd7 $1 $19 {has better winning chances.} 25. Rc7 Bc6) 25. Rxc8 $17 Rxc8 26. Qg4+ Kh7 27. Qxc8 fxe3 28. fxe3 {[%emt 0:00:00][%mdl 4096] Endgame. KQN-KQN. Black continues to play with concentration.} Qf2+ 29. Kh2 {[%emt 0:00:00] [#]} Nd2 $1 $36 {[%emt 0:07:06][%mdl 2048] ( -> ...Nf1+). White is under strong pressure.} ({Much weaker is} 29... Qxe3 $6 30. Qf5+ Kg7 31. Qe5+ Kh7 32. Qf5+ Kg8 33. Qc8+ Kh7 34. Qf5+ $11) 30. Qf5+ Qxf5 31. Nxf5 Nxb3 {[%emt 0:00:18] KN-KN} 32. Kg3 (32. Ne7 $17) 32... Nc5 $19 33. Ne7 Nd3 34. b3 {[%emt 0:00:09] [#]} a5 $1 35. Nxd5 Nc1 36. Nc3 Nxb3 37. Kf4 Kg6 38. Ke5 Nd2 39. e4 Kg5 40. h4+ $2 (40. Kd4) 40... Kxh4 {[%emt 0:01:06] Black is clearly winning.} 41. Kf4 Nf1 42. e5 Ng3 43. Nb5 a4 {[%emt 0:00:51] Weighted Error Value: White=0.37/Black=0.07 (flawless) .  Mistake:       	White=6     	Black=1      Inaccurate:     	White=2     	Black=1      OK:         	White=6     	Black=17     Best:        	White=3     	Black=5      Strong:       	---       	Black=3} 0-1